 Dungeon Crawl Stone Soup version 0.31-a0-319-g4fced400ed (webtiles) character file.

Game seed: 1076409590807514962

389 Hubjo the Trooper (level 6, 0/73 HPs)
             Began as a Demonspawn Shapeshifter on July 17, 2023.
             Slain by Natasha (4 damage)
             ... on level 3 of the Dungeon.
             The game lasted 00:05:37 (4006 turns).

Hubjo the Trooper (Demonspawn Shapeshifter)         Turns: 4006, Time: 00:05:38

Health: 0/73       AC:  0    Str: 15    XL:     6   Next: 50%
Magic:  10/10      EV: 19    Int: 10    God:
Gold:   146        SH:  0    Dex: 20    Spells: 11/11 levels left

rFire   . .          .
                       - Unarmed
rCold   . . .        (shield currently unavailable)
rNeg    . . .        a - melded +1 animal skin
rPois   .            (helmet currently unavailable)
rElec   .            (cloak currently unavailable)
rCorr   .            (gloves unavailable)
SInv    .            (boots currently unavailable)
Will    .....        (no amulet) Stlth
                     g - melded ring of protection from fire
HPRegen 0.32/turn    (ring currently unavailable)
MPRegen 0.12/turn

%: no passive effects
@: brilliant, berserking, bat-form, flying, very quick
A: fast, flying, no casting, tiny, (claws 3), powered by death 1, (weakness
stinger 1)
a: no special abilities


You were on level 3 of the Dungeon.
You were a bat.
You visited 1 branch of the dungeon, and saw 4 of its levels.

You collected 146 gold pieces.

Inventory:

Armour
 a - a +1 animal skin (melded)
Magical Staves
 d - a staff of earth
Jewellery
 g - a ring of protection from fire (melded)
Talismans
 c - a beast talisman
Scrolls
 i - a scroll of noise
Potions
 b - 3 potions of lignification


   Skills:
 + Level 4.3 Fighting
 - Level 1.7 Dodging
 + Level 3.8 Unarmed Combat
 + Level 3.3 Spellcasting
 - Level 2.6 Shapeshifting


You had 11 spell levels left.
You didn't know any spells.
Your spell library contained the following spells:

 Spells                   Type           Power      Damage    Failure   Level
 Apportation              Tloc           4%         N/A       28%         1
 Freeze                   Ice            8%         1d3       28%         1
 Frozen Ramparts          Ice            4%         1d1       63%         3
 Hailstorm                Conj/Ice       2%         3d3       63%         3
 Alistair's Intoxication  Tmut/Pois      1%         N/A       100%        5


Dungeon Overview and Level Annotations

Branches:
Dungeon (4/15)
 Temple: D:4-7

Altars:
Ashenzari

Annotations:
D:3 Natasha


Innate Abilities, Weirdness & Mutations

You are a bat.
You are tiny and dextrous.
You move quickly.
You are flying.
Your equipment is almost entirely melded.
You are incapable of wielding weapons or throwing items.
You cannot cast spells.
((You have claws for hands.))
You regenerate a little health from kills.
((You have a small tail.))


Message History

Natasha is severely wounded.
The cerulean imp misses you. The cerulean imp completely misses you.
You hit Natasha.
Natasha is almost dead.
Natasha barely misses you. The cerulean imp completely misses you.
The cerulean imp misses you.
The cerulean imp hits you from afar with a +1 spear.
You closely miss Natasha.
Natasha is almost dead.
Natasha claws you!
The cerulean imp hits you from afar with a +2 spear.
* * * LOW HITPOINT WARNING * * *
The cerulean imp closely misses you.
The cerulean imp hits you from afar with a +1 spear.
* * * LOW HITPOINT WARNING * * *
It was a potion of brilliance.
You feel clever all of a sudden. Natasha closely misses you.
The cerulean imp misses you. x2
The cerulean imp hits you from afar with a +1 spear.
* * * LOW HITPOINT WARNING * * *
Okay, then.
It was a potion of curing.
You feel better. Natasha barely misses you.
The cerulean imp hits you from afar with a +2 spear.
* * * LOW HITPOINT WARNING * * *
The cerulean imp hits you with a +1 spear.
* * * LOW HITPOINT WARNING * * *
The cerulean imp closely misses you.
It was a potion of berserk rage.
A red film seems to cover your vision as you go berserk!
You feel yourself moving faster!
You feel mighty! Natasha casts a spell at you. You resist with some effort.
The cerulean imp hits you from afar with a +2 spear.
* * * LOW HITPOINT WARNING * * *
The cerulean imp misses you. The cerulean imp completely misses you.
You are too berserk!
You barely miss Natasha.
Natasha is almost dead.
Natasha claws you.
You die...

.##.###...........##..<#...#.#...
.##(# #####...######.......#.#...
.†)<# #...# ##..#.......## .####
#.>.# #........#.# .# #...##
#......###.## .# ##...#
####.##...... .# ###.#
#####.##.##.#. .#
##########.#####......#.##.#.
#####.......#..5bh5#.###.......#.
#.......##.#..........#....#####
#.##.##.##.......5#.#.##.###
#.##.##...........#.#....#
#.##.#####....##..#.....>#
#.##.#####....##..##.....#
#.##..............##.....#
#.#########.####.####...## #.#
###......# ##.##


You could see Natasha and 3 cerulean imps.

Vanquished Creatures
  Sigmund (D:3)
  Natasha (twice) (D:3)
  4 gnolls
  4 adders
  4 worms
  3 dart slugs
  9 orcs (D:3)
  7 endoplasms
  3 giant cockroaches
  11 hobgoblins
  4 quokkas
  4 ball pythons
  7 bats
  4 frilled lizards
  6 goblins
  3 kobolds (D:1)
  10 rats
86 creatures vanquished.

Notes
Turn   | Place    | Note
-------+----------+-------------------------------------------
     0 | D:1      | Hubjo the Demonspawn Shapeshifter began the quest for the
                  | Orb.
     0 | D:1      | Reached XP level 1. HP: 16/16 MP: 1/1
   164 | D:1      | Discovered your monstrous ancestry.
   164 | D:1      | Gained mutation: You have sharp fingernails. [demonic
                  | ancestry]
   164 | D:1      | Reached XP level 2. HP: 21/22 MP: 1/3
   240 | D:1      | Reached skill level 1 in Spellcasting
   297 | D:1      | Gained mutation: You have very sharp fingernails. [demonic
                  | ancestry]
   297 | D:1      | Reached XP level 3. HP: 28/28 MP: 4/4
   563 | D:1      | Found a broken altar of Ashenzari.
  1397 | D:2      | Identified the +1 scale mail of Free Expression {rF++ Str-2
                  | Int+6}
  1464 | D:2      | Reached skill level 3 in Fighting
  1508 | D:2      | Gained mutation: You have a small tail. [demonic ancestry]
  1508 | D:2      | Reached XP level 4. HP: 32/35 MP: 6/6
  2189 | D:3      | Noticed Sigmund
  2542 | D:3      | Gained mutation: You regenerate a little health from kills.
                  | [demonic ancestry]
  2542 | D:3      | Reached XP level 5. HP: 28/41 MP: 8/8
  2730 | D:3      | Noticed Natasha
  3230 | D:3      | Killed Natasha
  3446 | D:3      | Killed Sigmund
  3447 | D:3      | Reached skill level 4 in Fighting
  3447 | D:3      | Gained mutation: You have claws for hands. [demonic
                  | ancestry]
  3447 | D:3      | Reached XP level 6. HP: 32/48 MP: 8/10
  3782 | D:3      | Noticed Natasha
  3812 | D:3      | Killed Natasha
  3989 | D:3      | Noticed Natasha
  4006 | D:3      | Slain by Natasha

Illustrated notes

Levels and vault maps discovered:
D:1:      sevenhm_arrival_forest_fort_small_6, layout_basic
D:2:      cheibrodos_old_hovel, layout_loops_cross, chequers_decorated_corner
D:3:      layout_loops_cross, uniq_natasha, uniq_sigmund
D:4:      layout_basic, cheibrodos_sewer_entry_sluice, abandoned_shop,
          uniq_pikel

Skill      XL: |  1  2  3  4  5 |
---------------+----------------+-----
Unarmed Combat | 2 3 |  3.8
Spellcasting   | 1 2 3 |  3.3
Fighting       | 3 4 |  4.3
Dodging        | |  1.7
Shapeshifting  | |  2.6

Action                     |  1- 3 |  4- 6 || total
---------------------------+-------+-------++-------
  Melee: Unarmed           |    97 |   146 ||   243
         Punch             |     4 |     4 ||     8
         Tailslap          |       |    16 ||    16
    Use: Scroll            |       |     4 ||     4
         Potion            |       |     5 ||     5
   Stab: Sleeping          |     3 |     1 ||     4
 Armour: Animal skin       |    10 |    18 ||    28
         Skin              |       |    63 ||    63
  Dodge: Dodged            |    55 |   143 ||   198

Table legend: (Time is in decaauts)
 A = Elapsed time spent in this place.
 B = Non-inter-level travel time spent in this place.
 C = Inter-level travel time spent in this place.
 D = Time resting spent in this place.
 E = Time spent auto-exploring this place.
 F = Levels seen in this place.
 G = Mean time per level.
                   A        B        C        D        E       F      G
               +--------+--------+--------+--------+--------+-----+--------+
         Total |   4006 |   3566 |    440 |    747 |   2251 |   4 | 1001.5 |
       Dungeon |   4006 |   3566 |    440 |    747 |   2251 |   4 | 1001.5 |
               +--------+--------+--------+--------+--------+-----+--------+

Top non-repeatable levels by time:
     D:1: 1504 daAuts
     D:2: 1450 daAuts
     D:3: 896 daAuts
     D:4: 153 daAuts
